 Dungeon Crawl Stone Soup version 0.25-a0-670-g50981ef59b (webtiles) character file.

Game seed: 13653067330236182593, levelgen mode: deterministic

19 DerDa the Firebug (level 2, -3/19 HPs)
             Began as a Demonspawn Fire Elementalist on Mar 29, 2020.
             Slain by Sigmund
             ... wielding a +0 scythe
              (14 damage)
             ... on level 2 of the Dungeon.
             The game lasted 00:05:11 (1541 turns).

DerDa the Firebug (Demonspawn Fire Elementalist)    Turns: 1541, Time: 00:05:12

Health: -3/19      AC:  2    Str:  8    XL:     2   Next: 55%
Magic:  0/5        EV: 12    Int: 16    God:
Gold:   75         SH:  0    Dex: 13    Spells: 4/5 levels left

rFire    . . .     SeeInvis .   l - +1 whip (venom)
rCold    . . .     Gourm    .   (no shield)
rNeg     . . .     Faith    .   a - +0 robe
rPois    .         Spirit   .   (no helmet)
rElec    .         Reflect  .   (no cloak)
rCorr    .         Harm     .   (no gloves)
MR       .....                  (no boots)
Stlth    +.........             (no amulet)
HPRegen  0.06/turn              (no ring)
MPRegen  0.09/turn              (no ring)

@: confused, very slightly contaminated, very slow
A: demonic guardian 1
a: no special abilities


You were on level 2 of the Dungeon.
You were not hungry.

You visited 1 branch of the dungeon, and saw 2 of its levels.

You collected 75 gold pieces.

Inventory:

Hand Weapons
 l - a +1 whip of venom (weapon)
Missiles
 f - 64 stones (quivered)
Armour
 a - a +0 robe (worn)
Scrolls
 b - a scroll of noise {unknown}
 d - 2 scrolls of remove curse {unknown}
Potions
 g - a potion of flight {unknown}
 h - a potion of berserk rage {unknown}
 i - a potion of degeneration {unknown}
 j - a potion of curing {unknown}
 k - a potion of resistance {unknown}
Comestibles
 c - 3 rations


   Skills:
 - Level 1.7 Dodging
 - Level 1.7 Stealth
 * Level 2.3 Spellcasting
 * Level 1.6 Conjurations
 * Level 3.0 Fire Magic


You had 4 spell levels left.
You knew the following spells:

 Your Spells              Type           Power        Failure   Level  Hunger
a - Foxfire               Conj/Fire      #...         8%          1    #......

Your spell library contained the following spells:

 Spells                   Type           Power        Failure   Level  Hunger
 Conjure Flame            Conj/Fire      #.......     22%         3    ###....
 Inner Flame              Hex/Fire       #.......     32%         3    ###....
 Sticky Flame             Conj/Fire      #.......     58%         4    #####..
 Fireball                 Conj/Fire      #.........   91%         5    ######.


Dungeon Overview and Level Annotations

Branches:
Dungeon (2/15)

Altars:
Yredelemnul

Annotations:
D:2 Sigmund, Terence


Innate Abilities, Weirdness & Mutations

A weak demonic guardian rushes to your aid.


Message History

Your ufetubus splashes around in the water.
Sigmund completely misses you.
Your ufetubus barely misses Sigmund.
Your ufetubus hits Sigmund. You barely miss Sigmund.
Sigmund is severely wounded.
Your ufetubus hits Sigmund. Your ufetubus misses Sigmund.
Sigmund points at you and mumbles some strange words.
The puff of flame hits you!
Your ufetubus splashes around in the water.
Your ufetubus closely misses Sigmund.
You miss Sigmund.
Sigmund is severely wounded.
Your ufetubus hits Sigmund. x2; Sigmund misses you.
Your ufetubus barely misses Sigmund.
Your ufetubus splashes around in the water.
You enter the shallow water.
Moving in this stuff is going to be slow.
Your ufetubus barely misses Sigmund. x2; Sigmund hits you with a +0 scythe!
Ouch! That really hurt!
You die...

..............#
#####....### ##
#............####.......##
##...........# #..#####.#
.......### #.# #.# ....
###.# #.##
.....###...######..#
.....≈.≈..≈.(.≈≈≈≈[#
.....≈...≈.≈≈....≈.#
.......@@≈≈≈≈≈≈≈...#
.......5≈≈≈≈≈≈≈≈...#
.....≈≈≈≈≈≈≈≈≈≈≈...#
......≈≈≈≈.♣.≈≈≈≈.##
#####.)≈≈≈._≈≈≈≈.≈#
#≈≈≈≈≈≈..≈≈≈≈≈#
#≈≈≈≈≈≈≈≈≈≈≈..#
#..≈≈≈≈≈≈≈≈≈..#


You could see Sigmund and a friendly ufetubus.

Vanquished Creatures
  2 giant cockroaches (D:1)
  A goblin (D:1)
  A hobgoblin (D:1)
  2 frilled lizards
  10 kobolds
  2 rats
18 creatures vanquished.

Vanquished Creatures (others)
  41 foxfires
41 creatures vanquished.

Grand Total: 59 creatures vanquished

Notes
Turn   | Place    | Note
-------+----------+-------------------------------------------
     0 | D:1      | DerDa the Demonspawn Fire Elementalist began the quest for
                  | the Orb.
     0 | D:1      | Reached XP level 1. HP: 13/13 MP: 3/3
   512 | D:1      | Gained mutation: A weak demonic guardian rushes to your
                  | aid. [demonic ancestry]
   512 | D:1      | Reached XP level 2. HP: 19/19 MP: 1/5
  1031 | D:2      | Noticed Terence
  1151 | D:2      | Found a basalt altar of Yredelemnul.
  1195 | D:2      | Reached skill level 3 in Fire Magic
  1519 | D:2      | Found a faded altar of an unknown god.
  1530 | D:2      | Noticed Sigmund
  1541 | D:2      | Slain by Sigmund

Levels and vault maps discovered:
D:1:      matt_arrival_refuge, layout_basic
D:2:      layout_rooms, kennysheep_ying_yang, serial_corexii_hall,
          chequers_hall_statues_corner_a, corexii_hall_statues_i,
          chequers_ecumenical_altar_island, uniq_sigmund, uniq_terence

Skill      XL: |  1  2 |
---------------+-------+-----
Fire Magic     | 3 |  3.0
Dodging        | |  1.7
Stealth        | |  1.7
Spellcasting   | |  2.3
Conjurations   | |  1.6

Action                   || total
-------------------------++-------
Melee: Unarmed           ||    12
       Whip              ||    11
 Cast: Foxfire           ||    29
  Eat: Ration            ||     1
Armor: Robe              ||     5
Dodge: Dodged            ||    29

Table legend:
 A = Non-vault XP
 B = Vault XP
 C = Vault XP percentage of total XP
 D = Non-vault monster count
 E = Vault monster count
 F = Vault count percentage of total count
                 A         B        C        D         E       F
            +---------+---------+-------+---------+---------+-------
      Total |      28 |       0 |   0.0 |      18 |       0 |   0.0
            +---------+---------+-------+---------+---------+-------
        D:1 |      19 |       0 |   0.0 |      12 |       0 |   0.0
        D:2 |       9 |       0 |   0.0 |       6 |       0 |   0.0
            +---------+---------+-------+---------+---------+-------
